Unix NetHack Version 5.0.0-0 post-release - last build May  3 2026 23:40:34 (9823c992c0763bbd039eca2974112f46eaf799b3,branch:main).

Game began 2026-05-04 02:40:24, ended 2026-05-04 22:04:16.

Kolin, lawful female dwarven Valkyrie

                                ----   --------
                                |..-----......|
                                |.....^.......|
                                |^------......|
                                |.|    |......|
                                |%|------.----|
                                |^||....|@M..`|
                                |^||.```|e``..|
                                |=|-.`........|
                                |<|>...---....|
                                -------- ------

Kolin the Fighter           St:17 Dx:13 Co:18 In:7 Wi:13 Ch:11  Lawful
Dlvl:5  $:99 HP:0(62) Pw:11(11) AC:-6 Xp:6/541 T:4893 

Latest messages:
 The dwarf mummy misses!
 The dwarf mummy hits!
 The dwarf mummy hits!
 The dwarf mummy hits!
 The dwarf mummy hits!
 The dwarf mummy misses!
 The dwarf mummy hits!
 The dwarf mummy misses!
 The dwarf mummy hits!
 The dwarf mummy misses!
 The dwarf mummy hits!
 The dwarf mummy hits!
 The dwarf mummy hits!
 The dwarf mummy hits!
 The dwarf mummy misses!
 The dwarf mummy hits!
 The dwarf mummy hits!
 The dwarf mummy hits!
 The dwarf mummy hits!
 The dwarf mummy hits!
 The dwarf mummy hits!
 The dwarf mummy hits!
 The dwarf mummy misses!
 The dwarf mummy misses!
 The dwarf mummy misses!
 The dwarf mummy misses!
 The dwarf mummy hits!
 The dwarf mummy hits!
 The dwarf mummy hits!
 The dwarf mummy hits!
 The dwarf mummy hits!
 The dwarf mummy hits!
 The dwarf mummy hits!
 The dwarf mummy misses!
 The dwarf mummy hits!
 The dwarf mummy hits!
 The dwarf mummy hits!
 The dwarf mummy hits!
 The dwarf mummy hits!
 The dwarf mummy hits!
 The dwarf mummy hits!
 The dwarf mummy misses!
 The dwarf mummy just misses!
 The dwarf mummy hits!
 The dwarf mummy hits!
 The dwarf mummy hits!
 The dwarf mummy hits!
 You die...
 Do you want your possessions identified? [ynq] (y) y
 Do you want to see your attributes? [ynq] (y) q

Inventory:
 Coins    ('$')
  $ - 99 gold pieces
 Amulets  ('"')
  A - an uncursed amulet of guarding (being worn)
 Weapons  (')')
  y - 4 +0 darts
  m - 3 +0 daggers
  a - a +1 dwarvish spear (weapon in right hand)
  l - a +0 orcish dagger
 Armor    ('[')
  W - an uncursed +0 pair of iron shoes (being worn)
  Y - an uncursed +3 small shield (being worn)
  q - an uncursed +1 dwarvish cloak (being worn)
  g - an uncursed +0 plate mail (being worn)
 Comestibles  ('%')
  k - an uncursed cram ration
  o - an uncursed cream pie
  d - 6 uncursed food rations
  L - an uncursed fortune cookie
  j - an uncursed pancake
  V - an uncursed tin of spinach
  S - an uncursed lichen corpse
 Scrolls  ('?')
  r - an uncursed scroll of earth
  s - a cursed scroll of earth
 Potions  ('!')
  p - 2 uncursed potions of healing
 Wands    ('/')
  Z - a cursed wand of digging (0:4)
  n - a wand of light (0:14)
  b - a blessed wand of make invisible (0:6)
  c - a cursed wand of polymorph (0:6)
 Tools    ('(')
  w - an uncursed blindfold
  i - an uncursed lock pick
  e - an uncursed oil lamp
 Gems/Stones  ('*')
  h - 2 uncursed worthless pieces of yellowish brown glass

Kolin the Valkyrie's attributes:

Background:
 You were a Fighter, a level 6 dwarven Valkyrie.
 You were lawful, on a mission for Tyr
 who was opposed by Odin (neutral) and Loki (chaotic).
 You were right-handed.
 You were in Sokoban, on level 5.
 You entered the dungeon 4893 turns ago.
 It was nighttime.
 There was a full moon in effect when your adventure ended.
 You had 541 experience points, 99 more were needed to attain level 7.

Basics:
 You had 0 out of 62 hit points.
 You had all 11 energy points (spell power).
 Your armor class was -6.
 Your wallet contained 99 zorkmids.
 Autopickup was on for '$"?!=/' plus thrown.

Final Characteristics:
 Your strength was 17 (limit:18/100).
 Your dexterity was 13 (limit:20).
 Your constitution was 18 (limit:20).
 Your intelligence was 7 (limit:16).
 Your wisdom was 13 (limit:16).
 Your charisma was 11 (limit:16).

Final Status:
 You weren't hungry.
 You were unencumbered.
 You were wielding a spear.
 You had basic skill with spear and could have enhanced that.

Final Attributes:
 You were piously aligned.
 Your items were somewhat protected from fire.
 You were cold resistant.
 Your items were somewhat protected from cold.
 You were telepathic.
 You had infravision.
 You were stealthy.
 You had a small defense bonus (+2).
 You were protected.
 You were lucky.
 You are dead.

Miscellaneous:
 You encountered 1 bones level.
 Total elapsed playing time was 4 hours, 13 minutes and 31 seconds.

Major events:
 Turn
    1: Kolin the lawful dwarven Valkyrie entered the dungeon
  571: entered the Gnomish Mines
 1139: attained the rank of Skirmisher (level 3)
 1795: entered Sokoban
 2390: reached Mine Town
 3353: attained the rank of Fighter (level 6)
 4893: killed by a dwarf mummy, while frozen by a floating eye's gaze

You didn't know any spells.

Skills:
 Fighting Skills
   bare handed combat [Unskilled]
   two weapon combat  [Unskilled]
   riding             [Unskilled]
 Weapon Skills
   dagger             [Basic]
   axe                [Unskilled]
   pick-axe           [Unskilled]
   short sword        [Unskilled]
   broadsword         [Unskilled]
   long sword         [Unskilled]
   two-handed sword   [Unskilled]
   saber              [Unskilled]
   hammer             [Unskilled]
   quarterstaff       [Unskilled]
   polearms           [Unskilled]
   spear              [Basic]
   trident            [Unskilled]
   lance              [Unskilled]
   sling              [Unskilled]
 Spellcasting Skills
   attack spells      [Unskilled]
   escape spells      [Unskilled]

Voluntary challenges:
 Character rerolling was not enabled.
 You never genocided any monsters.
 You never polymorphed an object.
 You never changed form.
 You used no wishes.
 You did not violate any of the special Sokoban rules.
Achievements:
 You entered a shop.
 You entered the Gnomish Mines.
 You attained the rank of Skirmisher.
 You entered Sokoban.
 You entered Minetown.
 You entered a temple.
 You attained the rank of Fighter.

 The Dungeons of Doom: levels 1 to 8
    Level 1:
       A sink.
    Level 2:
       A general store.
       Stairs down to The Gnomish Mines.
    Level 3:
       A fountain.
    Level 4:
       A fountain.
    Level 5:
       Many fountains.
    Level 6:
       A fountain.
       Stairs up to Sokoban, level 5.
    Level 7:
       A sink.
    Level 8:
       A fountain.
 The Gnomish Mines: levels 3 to 6
    Level 3:
    Level 4:
    Level 5:
       Some shops, a temple and an altar, some fountains.
       Final resting place for
          NobleSirSpikes-Ran-Hum-Mal-Cha, killed by a rope golem.
    Level 6:
 Sokoban:
    Level 5: <- You were here.
       Unsolved.
       Final resting place for
          you, killed by a dwarf mummy, while frozen by a floating eye's gaze.


Vanquished creatures:
  a small mimic
  a human mummy
  a gnome mummy
  a rope golem
  a soldier ant
  2 imps
  a wood nymph
  a mountain nymph
  a rock piercer
  2 ponies
  a yellow light
  a violet fungus
  a kobold mummy
  2 giant ants
  a floating eye
  a homunculus
  2 kobold leaders
  3 rothes
  a rabid rat
  2 giant bats
 an orc zombie
  3 iguanas
 an acid blob
  2 coyotes
  a gas spore
  a hobbit
 11 manes
  3 giant rats
  2 cave spiders
  a gnome
  5 geckos
  8 jackals
  a fox
  a kobold
  2 goblins
  3 grid bugs
  2 bats
  3 lichens
  9 newts
87 creatures vanquished.

No species were genocided or became extinct.

Game over:
                       ----------
                      /          \
                     /    REST    \
                    /      IN      \
                   /     PEACE      \
                  /                  \
                  |      Kolin       |
                  |      99 Au       |
                  |   killed by a    |
                  |   dwarf mummy    |
                  |                  |
                  |                  |
                  |       2026       |
                 *|     *  *  *      | *
        _________)/\\_//(\/(/\)/\//\/|_)_______

Farvel Kolin the Valkyrie...

You died in Sokoban on dungeon level 5 with 2644 points,
and 99 pieces of gold, after 4893 moves.
You were level 6 with a maximum of 62 hit points when you died.

